 Dungeon Crawl Stone Soup version 0.30-a0-571-gdf30a72648 (webtiles) character file.

Game seed: 14610496389757213249

525 IdlyInterested the Cudgeller (level 7, -10/51 HPs)
             Began as a Demonspawn Gladiator on Dec 29, 2022.
             Mangled by an ogre
             ... wielding a +0 giant club
              (11 damage)
             ... on level 4 of the Dungeon.
             The game lasted 00:14:15 (3603 turns).

IdlyInterested the Cudgeller (Demonspawn Gladiator) Turns: 3603, Time: 00:14:15

Health: -10/51     AC: 21    Str: 16      XL:     7   Next: 2%
Magic:  7/7        EV: 11    Int:  9      God:
Gold:   124        SH:  0    Dex: 17 (24) Spells: 6/6 levels left

rFire   . . .      SeeInvis .    v - +0 short sword (protect)
rCold   . . .      Faith    .    (no shield)
rNeg    . . .      Spirit   .    D - +1 ring mail of Card Tricks {Dex+3}
rPois   .          Reflect  .    c - +0 helmet
rElec   .          Harm     .    F - +0 cloak
rCorr   .          Rampage  .    (no gloves)
Will    .....                    i - +0 pair of boots
Stlth   +                        (no amulet)
HPRegen 0.28/turn                q - +4 ring of protection
MPRegen 0.10/turn                j - +6 ring of dexterity

@: under a protective aura
A: claws 2, demonic magic 1
a: no special abilities


You were on level 4 of the Dungeon.
You visited 2 branches of the dungeon, and saw 6 of its levels.

You collected 124 gold pieces.

Inventory:

Hand Weapons
 b - a +0 heavy mace
 h - a +1 dagger of freezing
 v - a +0 short sword of protection (weapon)
 A - a +0 rapier
Missiles
 d - 3 throwing nets
 e - a javelin
 g - 16 stones (quivered)
 w - 6 boomerangs
 y - 8 poisoned darts
Armour
 c - a +0 helmet (worn)
 i - a +0 pair of boots (worn)
 t - a +2 chain mail of poison resistance
 u - a +0 cloak
 B - a +0 robe of cold resistance
 D - the +1 ring mail of Card Tricks (worn) {Dex+3}
   (You found it on level 3 of the Dungeon)

   Dex:       It affects your dexterity (+3).
 F - a +0 cloak (worn)
 G - a +1 helmet
Magical Staves
 L - a staff of earth
Jewellery
 a - a ring of fire
 j - a +6 ring of dexterity (right claw)
 o - a ring of fire
 q - a +4 ring of protection (left claw)
 E - a ring of fire
 J - a +4 ring of protection
Scrolls
 f - 2 scrolls of identify {unknown}
 k - 6 scrolls of teleportation {unknown}
 m - a scroll of amnesia {unknown}
 p - a scroll of fear {unknown}
 r - 2 scrolls of blinking {unknown}
 s - 2 scrolls of poison {unknown}
 I - a scroll of fog {unknown}
 K - a scroll of noise {unknown}
Potions
 l - a potion of attraction {unknown}
 n - a potion of resistance {unknown}
 x - a potion of might {unknown}
 z - a potion of magic
 C - 2 potions of heal wounds {unknown}
 H - a potion of berserk rage {unknown}


   Skills:
 * Level 2.9 Fighting
 * Level 2.2 Short Blades
 - Level 4.7 Maces & Flails
 - Level 2.0 Throwing
 - Level 3.0 Armour
 - Level 2.6 Dodging
 * Level 1.7 Stealth
 - Level 2.0 Evocations


You had 6 spell levels left.
You didn't know any spells.
Your spell library contained the following spells:

 Spells                   Type           Power      Damage    Failure   Level
 Necrotise                Necr           0%         1d4       58%         1
 Blink                    Tloc           0%         N/A       75%         2
 Cigotuvi's Dreadful Rot  Necr/Pois/Air  0%         N/A       75%         2
 Momentum Strike          Conj/Tloc      0%         3d8       75%         2
 Gell's Gravitas          Tloc           0%         N/A       92%         3
 Kindle Blastsparks       Fire/Tloc/Air  0%         2d10      92%         3
 Lesser Beckoning         Tloc           0%         N/A       92%         3
 Teleport Other           Tloc           0%         N/A       92%         3
 Vampiric Draining        Necr           0%         2d6       92%         3
 Dispel Undead            Necr           0%         3d6       100%        4
 Fulminant Prism          Conj/Hex       0%         3d5       100%        4
 Iskenderun's Mystic Bla  Conj/Tloc      0%         2d3       100%        4
 Agony                    Necr           0%         N/A       100%        5
 Lee's Rapid Deconstruct  Erth           0%         3d4*      100%        5
 Death Channel            Necr           0%         N/A       100%        6
 Dispersal                Tloc           0%         N/A       100%        6


Dungeon Overview and Level Annotations

Branches:
Dungeon (5/15)             Temple (1/1) D:4

Altars:
Ashenzari
Cheibriados
Fedhas
Gozag
Hepliaklqana
Kikubaaqudgha
Nemelex Xobeh
Okawaru
Ru
Sif Muna
Trog
Uskayaw
Vehumet
Xom
Yredelemnul

Shops:
D:4 (

Annotations:
D:4 3 runed translucent doors, superbruh's ghost, amateur DsBr


Innate Abilities, Weirdness & Mutations

You have very sharp fingernails.
Spells you cast may paralyse adjacent enemies.


Message History

You hit the ogre.
The ogre is moderately wounded.
The ogre hits you with a +0 giant club.
You barely miss the ogre.
The ogre is moderately wounded.
The ogre barely misses you.
You hit the ogre.
The ogre is moderately wounded.
You hit the ogre.
The ogre is moderately wounded.
The ogre hits you with a +0 giant club!
You hit the ogre.
The ogre is heavily wounded.
You barely miss the ogre.
The ogre is heavily wounded.
The ogre barely misses you.
You hit the ogre.
The ogre is severely wounded.
The ogre closely misses you.
You hit the ogre.
The ogre is severely wounded.
You barely miss the ogre. You claw the ogre.
The ogre is severely wounded.
The ogre hits you with a +0 giant club.
You hit the ogre.
The ogre is severely wounded.
You hit the ogre.
The ogre is almost dead.
The ogre hits you with a +0 giant club!
* * * LOW HITPOINT WARNING * * *
You barely miss the ogre.
The ogre is almost dead.
The ogre hits you with a +0 giant club!
* * * LOW HITPOINT WARNING * * *
You hit the ogre.
The ogre is almost dead.
You hit the ogre.
The ogre is almost dead.
The ogre hits you with a +0 giant club!
You die...

#.................#
#......>........... .
#.................. ..
................... #..
..#............... ....
##.....##...##.. .....
##.....##...##..
###...###...............
......O@..........>....#
........................
...............##...##.#
....#....##.#..##...##..
#...........##.........#
....##...#......#.......
.... ...#......##.......
.. ....#..##.. #....#.#
.... ...###.#


You could see an ogre.

Vanquished Creatures
  Blork the orc (D:4)
  2 scorpions (D:4)
  The ghost of PyroL the Chiller, a weakling DrIE (D:3)
  4 quasits (D:3)
  A hound (D:5)
  3 adders
  A worm (D:2)
  2 dart slugs
  10 orcs (D:3)
  5 ball pythons
  4 endoplasms
  4 giant cockroaches
  8 goblins
  13 hobgoblins
  6 jackals (D:1)
  2 quokkas (D:1)
  10 bats
  4 frilled lizards
  13 kobolds
  6 rats
100 creatures vanquished.

Notes
Turn   | Place    | Note
-------+----------+-------------------------------------------
     0 | D:1      | IdlyInterested the Demonspawn Gladiator began the quest for
                  | the Orb.
     0 | D:1      | Reached XP level 1. HP: 16/16 MP: 1/1
    43 | D:1      | Reached skill level 3 in Maces & Flails
    45 | D:1      | Gained mutation: You have sharp fingernails. [demonic
                  | ancestry]
    45 | D:1      | Reached XP level 2. HP: 21/22 MP: 2/2
   129 | D:1      | Reached skill level 1 in Stealth
   236 | D:1      | Reached skill level 1 in Armour
   236 | D:1      | Found a faded altar of an unknown god.
   279 | D:1      | Reached XP level 3. HP: 25/27 MP: 3/3
   299 | D:1      | HP: 1/27 [jackal (1)]
   985 | D:2      | Reached XP level 4. HP: 22/33 MP: 4/4
  1796 | D:3      | Found a transporter.
  1797 | D:3      | Noticed PyroL's ghost (weakling DrIE)
  1799 | D:3      | Reached skill level 1 in Evocations
  1893 | D:3      | Reached skill level 4 in Maces & Flails
  2111 | D:3      | Identified the +1 ring mail of Card Tricks {Dex+3}
  2355 | D:3      | Found a transporter.
  2454 | D:3      | Gained mutation: You have very sharp fingernails. [demonic
                  | ancestry]
  2454 | D:3      | Reached XP level 5. HP: 34/38 MP: 5/5
  2470 | D:3      | Killed PyroL's ghost
  2484 | D:3      | Gained mutation: Spells you cast may paralyse adjacent
                  | enemies. [demonic ancestry]
  2484 | D:3      | Reached XP level 6. HP: 13/44 MP: 6/6
  2687 | D:4      | Found Ifuhont's Antique Weapon Emporium.
  2909 | D:4      | Reached skill level 1 in Short Blades
  2912 | D:4      | Found a staircase to the Ecumenical Temple.
  3034 | Temple   | Entered the Ecumenical Temple
  3216 | D:4      | Noticed Blork the orc
  3216 | D:4      | You fall into a shaft and drop 1 floor!
  3216 | D:5      | Entered Level 5 of the Dungeon
  3405 | D:4      | Found a runed translucent gate.
  3405 | D:4      | Found a runed translucent gate.
  3405 | D:4      | Found a runed translucent gate.
  3405 | D:4      | Noticed superbruh's ghost (amateur DsBr)
  3432 | D:4      | Killed Blork the orc
  3433 | D:4      | Reached XP level 7. HP: 36/51 MP: 7/7
  3601 | D:4      | HP: 1/51 [ogre/+0 giant club (11)]
  3603 | D:4      | Mangled by an ogre

Illustrated notes

Levels and vault maps discovered:
D:1:      matt_arrival_diagonals, layout_basic,
          shapermc_ecumenical_altar_acropolis, dk_noncrumbling_2,
          minmay_statues_item, hangedman_decor_push, hangedman_decor_points,
          grunt_decor_one_mirror
D:2:      layout_basic
D:3:      layout_basic, gammafunk_ghost_stat_death, guppyfry_early_lair_pool
D:4:      layout_cave_pools, minmay_temple_entry_stoned_glass,
          ebering_ghost_rock_garden, serial_shops, shop, uniq_blork_the_orc
D:5:      layout_cave_pods, st_stairs_9, hangedman_minor_gate_pass, uniq_pikel
Temple:   lightli_temple_of_artemis

Skill      XL: |  1  2  3  4  5  6 |
---------------+-------------------+-----
Maces & Flails | 3 4 |  4.7
Stealth        | 1 |  1.7
Armour         | 1 2 3 |  3.0
Evocations     | 1 2 |  2.0
Throwing       | 2 |  2.0
Short Blades   | 2 |  2.2
Fighting       | |  2.9
Dodging        | |  2.6

Action                   |  1- 3 |  4- 6 |  7- 9 || total
-------------------------+-------+-------+-------++-------
Melee: Flail             |   125 |    47 |       ||   172
       Punch             |     1 |     2 |     1 ||     4
       Mace              |       |    86 |       ||    86
       Short sword       |       |   143 |    19 ||   162
Throw: Stone             |       |    21 |     3 ||    24
  Use: Potion            |     3 |     2 |       ||     5
 Stab: Invisible         |     1 |       |       ||     1
Armor: Leather armour    |    58 |       |       ||    58
       Ring mail         |     6 |   116 |     1 ||   123
       Chain mail        |       |    52 |       ||    52
       Robe              |       |   155 |       ||   155
Dodge: Dodged            |   124 |   301 |     4 ||   429

Table legend: (Time is in decaauts)
 A = Elapsed time spent in this place.
 B = Non-inter-level travel time spent in this place.
 C = Inter-level travel time spent in this place.
 D = Time resting spent in this place.
 E = Time spent auto-exploring this place.
 F = Levels seen in this place.
 G = Mean time per level.
                   A        B        C        D        E       F      G
               +--------+--------+--------+--------+--------+-----+--------+
         Total |   3702 |   3279 |    423 |    449 |   1535 |   6 |  617.0 |
       Dungeon |   3583 |   3177 |    406 |    449 |   1439 |   5 |  716.6 |
        Temple |    119 |    102 |     17 |      0 |     96 |   1 |  119.0 |
               +--------+--------+--------+--------+--------+-----+--------+

Top non-repeatable levels by time:
     D:3: 1099 daAuts
     D:1: 1064 daAuts
     D:2: 719 daAuts
     D:4: 669 daAuts
  Temple: 119 daAuts
     D:5: 29 daAuts
